 Dungeon Crawl Stone Soup version 0.32-a0-163-g159c032 (webtiles) character file.

Game seed: 14341364582329318202

4915 skewfiend the Summoner (level 10, -7/60 HPs)
             Began as a Deep Elf Summoner on Feb 11, 2024.
             Was a Believer of Sif Muna.
             Killed by divine providence
             ... invoked by an orc priest
              (13 damage)
             ... on level 8 of the Dungeon.
             The game lasted 00:52:11 (8912 turns).

skewfiend the Summoner (Deep Elf Summoner)          Turns: 8912, Time: 00:52:12

Health: -7/60      AC:  5    Str:  5    XL:     10   Next: 27%
Magic:  25/25      EV: 17    Int: 25    God:    Sif Muna [**....]
Gold:   438        SH:  0    Dex: 15    Spells: 10/28 levels left

rFire   + . .        K - +4 trident (drain)
rCold   + . .        g - orb {*channel}
rNeg    . . .        A - +2 robe {rC+ rF+}
rPois   .            (helmet restricted)
rElec   .            s - +0 cloak
rCorr   .            (no gloves)
SInv    .            (no boots)
Will    ++...        G - amulet of magic regeneration
Stlth   ++           w - ring of willpower
HPRegen 0.30/turn    C - +5 ring of evasion
MPRegen 0.59/turn

%: channel magic (20%)
@: inugami summoned
A: antennae 1, screaming 1, teleportitis 1
a: Renounce Religion, Channel Magic


You were on level 8 of the Dungeon.
You worshipped Sif Muna.
Sif Muna was pleased with you.
You visited 2 branches of the dungeon, and saw 9 of its levels.
You also visited: Ossuary.

You collected 438 gold pieces.

Inventory:

Hand Weapons
 p - a +1 short sword of venom
 r - a +4 quarterstaff of chaos
 t - a +1 hammer of holy wrath
 u - a +2 whip of freezing
 z - a +3 spear of venom
 I - a +2 flail of pain
 J - the +5 woodcutter's axe
   (You found it on level 5 of the Dungeon)
 K - a +4 trident of draining (weapon)
 N - a +0 longbow
Missiles
 d - 84 stones
 q - 8 boomerangs
 F - 3 poisoned darts
Armour
 g - an orb of energy (worn)
 s - a +0 cloak (worn)
 A - a +2 robe of resistance (worn)
 L - an orb of mayhem
 M - +0 steam dragon scales
 O - a +0 helmet
Magical Staves
 k - a staff of fire
Jewellery
 c - a ring of see invisible
 w - a ring of willpower (left hand)
 C - a +5 ring of evasion (right hand)
 G - an amulet of magic regeneration (around neck)
Wands
 a - a wand of paralysis (5)
Scrolls
 e - a scroll of vulnerability
 h - a scroll of fear {unknown}
 j - a scroll of fog {unknown}
 l - 2 scrolls of enchant weapon
 o - 3 scrolls of noise
 v - 3 scrolls of teleportation
 y - 2 scrolls of amnesia
 H - a scroll of blinking {unknown}
Potions
 b - a potion of magic
 f - a potion of attraction {unknown}
 i - a potion of cancellation
 m - a potion of enlightenment
 n - a potion of degeneration
 x - a potion of brilliance
 B - a potion of berserk rage
 D - a potion of heal wounds {unknown}
 E - a potion of haste {unknown}


   Skills:
 + Level 5.9 Fighting
 - Level 2.4 Dodging
 - Level 2.4 Stealth
 + Level 9.9 Spellcasting
 * Level 12.0 Summonings
 + Level 2.7 Necromancy
 + Level 2.7 Fire Magic
 * Level 2.3 Air Magic
 + Level 1.4 Invocations


You had 10 spell levels left.
You knew the following spells:

 Your Spells              Type           Power      Damage    Failure   Level
a - Summon Small Mammal   Summ           100%       N/A       1%          1
b - Call Imp              Summ           100%       N/A       1%          2
c - Call Canine Familiar  Summ           64%        N/A       1%          3
d - Martyr's Knell        Necr/Summ      49%        N/A       9%          4
e - Summon Blazeheart Go  Fire/Summ      49%        N/A       9%          4
f - Summon Lightning Spi  Summ/Air       48%        N/A       10%         4

Your spell library contained the following spells:

 Spells                   Type           Power      Damage    Failure   Level
 Necrotise                Necr           100%       1d9       7%          1
 Shock                    Conj/Air       72%        1d7       11%         1
 Vampiric Draining        Necr           25%        2d7       14%         3
 Swiftness                Air            24%        N/A       16%         3
 Ensorcelled Hibernation  Hex/Ice        24%        N/A       21%         2
 Frozen Ramparts          Ice            24%        1d4       34%         3
 Passwall                 Erth           12%        N/A       34%         3
 Airstrike                Air            12%        2d(2-18)  38%         4
 Curse of Agony           Necr           25%        N/A       63%         5
 Leda's Liquefaction      Alch/Erth      6%         N/A       67%         4
 Petrify                  Alch/Erth      12%        N/A       67%         4
 Metabolic Englaciation   Hex/Ice        6%         N/A       92%         5


Dungeon Overview and Level Annotations

Branches:
Dungeon (8/15)             Temple (1/1) D:4         Ossuary (visited)
   Lair: D:8-11

Altars:
Ashenzari
Cheibriados
Dithmenos
Elyvilon
Fedhas
Hepliaklqana
Kikubaaqudgha
Makhleb
Nemelex Xobeh
Okawaru
Qazlal
Sif Muna
Trog
Uskayaw
Vehumet
Wu Jian
Xom
Yredelemnul
Zin
The Shining One


Innate Abilities, Weirdness & Mutations

You have a pair of small antennae on your head.
You occasionally shout uncontrollably at your foes.
You are occasionally teleported next to monsters.


Message History

Unknown command.
Okay, then.
You swap places.
Your blazeheart golem's core grows cold and it stops moving.
Your inugami hits the orc.
The orc hits your inugami but does no damage.
Your lightning spire shoots out a bolt of lightning at the orc!
The bolt of electricity hits the orc!
The orc dies!
Sif Muna accepts your kill.
There is a fountain of clear blue water here.
You see here a yak corpse.
You swap places.
Your blazeheart golem's core flares to life once more.
You swap places.
Your lightning spire disappears in a puff of smoke!
Your blazeheart golem's core grows cold and it stops moving.
Things that are here:
a +0 hand axe; an orc corpse Your martyred shade disappears in a puff of smoke!
An orc priest comes into view. It is wielding a +0 club.
The orc priest invokes the aid of Beogh against you.
Beogh smites you!
* * * LOW HITPOINT WARNING * * *
Unknown command.
You swap places.
Unknown command.
Casting: Summon Blazeheart Golem (dangerous; 9% risk of failure)
Confirm with . or Enter, or press ? or * to list all spells.
An electric hum fills the air.
Magical energy flows into your mind! The orc priest misses your inugami.
Unknown command.
You hear the creaking of a portcullis nearby.
Your inugami closely misses the orc priest.
The orc priest closely misses your inugami.
Unknown command.
Your inugami hits the orc priest.
The orc priest mumbles some strange prayers to Beogh against you.
Beogh smites you!
You die...

##......##....####.######
#........#.....>.........
#..~~~~...#......#.##....
#..~~~††..#......#.##....
#..~~~~...#..... #.##....
#........§...... #.##....
#......†.#####...#.##.###
#........).....# #.#..#..
#......†@.####.# #..).#..
##.....I..# #....#..
#........# #.##.#..
#........# #.#..#..
#.......h. ..#..###
##......o.. ...+.....
#.......... Y...######
#............#+#..
#.........###


You could see an orc priest (ally target), a friendly lightning spire (summoned)
and a friendly inugami (summoned).

Vanquished Creatures
  Pikel (D:5)
  Jeremiah (D:6)
  4 yaks (D:8)
  2 orc warriors (D:6)
  An ice beast (D:6)
  An ogre (D:6)
  A scorpion (D:6)
  A bullfrog (D:6)
  A gnoll sergeant (D:6)
  A wight (D:6)
  An orc priest (D:7)
  A hound (D:6)
  An iguana (D:4)
  2 human zombies (Ossuary)
  3 sleepcaps (D:5)
  An orc wizard (D:8)
  A mummy (Ossuary)
  2 gnolls
  An ufetubus (D:5)
  3 spectral adders (Ossuary)
  5 orcs
  5 ball pythons
  6 bats
  3 endoplasms
  3 giant cockroaches (D:4)
  2 goblins
  3 hobgoblins
  A gnoll simulacrum (Ossuary)
  A kobold zombie (Ossuary)
  A quokka zombie (D:4)
  2 rats
62 creatures vanquished.

Vanquished Creatures (collateral kills)
  2 yaks (D:8)
  A wyvern (D:8)
  A steam dragon (D:7)
  Edmund (D:6)
  An orc warrior (D:7)
  An ice beast (D:6)
  An ogre (D:5)
  Blork the orc (D:6)
  2 elf zombies (Ossuary)
  A gnoll sergeant (D:5)
  2 scorpions (D:7)
  3 wights
  A howler monkey (D:7)
  A centaur zombie (Ossuary)
  A hound (D:5)
  3 bombardier beetles
  2 jellies
  2 human zombies (Ossuary)
  5 orc priests
  Crazy Yiuf (D:3)
  A gnoll bouda (D:5)
  2 sleepcaps (D:6)
  An iguana (D:6)
  2 orc wizards
  2 crocodile zombies (Ossuary)
  A nameless horror (D:8)
  A bullfrog simulacrum (Ossuary)
  4 spectral hounds (Ossuary)
  2 mummies (Ossuary)
  4 adders
  19 gnolls
  3 hound simulacra (Ossuary)
  An ufetubus (D:5)
  3 spectral adders (Ossuary)
  2 spectral gnolls (Ossuary)
  3 dart slugs
  3 ribbon worms
  An adder simulacrum (Ossuary)
  22 orcs
  3 ball pythons
  4 endoplasms
  5 giant cockroaches
  6 gnoll zombies (Ossuary)
  4 goblins
  7 hobgoblins
  6 jackals
  2 quokkas
  5 bats
  2 gnoll simulacra (Ossuary)
  2 jackal simulacra (Ossuary)
  2 kobolds (D:1)
  5 kobold zombies (Ossuary)
  4 orc zombies (Ossuary)
  3 rats
  A rat zombie (D:4)
171 creatures vanquished.

Vanquished Creatures (others)
  9 blazeheart cores
9 creatures vanquished.

Grand Total: 242 creatures vanquished

Notes
Turn   | Place    | Note
-------+----------+-------------------------------------------
     0 | D:1      | skewfiend the Deep Elf Summoner began the quest for the
                  | Orb.
     0 | D:1      | Reached XP level 1. HP: 10/10 MP: 6/6
   236 | D:1      | Reached XP level 2. HP: 7/16 MP: 5/8
   300 | D:1      | Learned a level 2 spell: Call Imp
   516 | D:1      | Found a faded altar of an unknown god.
   971 | D:2      | Reached skill level 5 in Summonings
  1099 | D:2      | Reached XP level 3. HP: 20/20 MP: 6/10
  1113 | D:2      | Learned a level 3 spell: Call Canine Familiar
  1398 | D:2      | Reached skill level 1 in Fighting
  2073 | D:2      | Reached XP level 4. HP: 25/25 MP: 8/11
  2950 | D:3      | Found a runed translucent door.
  2951 | D:3      | Noticed Crazy Yiuf
  2961 | D:3      | Killed Crazy Yiuf
  3208 | D:4      | Reached skill level 6 in Summonings
  3208 | D:4      | Reached XP level 5. HP: 30/30 MP: 6/13
  3417 | D:4      | Found a sand-covered staircase.
  3424 | Ossuary  | Entered an ossuary
  3630 | Ossuary  | Reached XP level 6. HP: 35/35 MP: 11/15
  3641 | Ossuary  | Reached skill level 5 in Spellcasting
  3747 | Ossuary  | Reached skill level 7 in Summonings
  3849 | Ossuary  | Reached XP level 7. HP: 40/40 MP: 10/17
  3864 | Ossuary  | Learned a level 4 spell: Martyr's Knell
  3869 | Ossuary  | Learned a level 4 spell: Summon Blazeheart Golem
  4449 | D:4      | Found a staircase to the Ecumenical Temple.
  4474 | Temple   | Entered the Ecumenical Temple
  4695 | D:4      | Reached skill level 8 in Summonings
  4968 | D:5      | Entered Level 5 of the Dungeon
  5002 | D:5      | Noticed Pikel
  5021 | D:5      | Gained mutation: You are occasionally teleported next to
                  | monsters. [potion of mutation]
  5021 | D:5      | Gained mutation: You occasionally shout uncontrollably at
                  | your foes. [potion of mutation]
  5021 | D:5      | Gained mutation: You have a pair of small antennae on your
                  | head. [potion of mutation]
  5028 | D:5      | Killed Pikel
  5029 | D:5      | Reached XP level 8. HP: 20/48 MP: 4/20
  5031 | D:5      | Reached skill level 9 in Summonings
  5503 | D:5      | Reached skill level 1 in Necromancy
  5655 | D:5      | Found a radiant altar of Vehumet.
  5658 | D:5      | Found a snail-covered altar of Cheibriados.
  5658 | D:5      | Found a stormy altar of Qazlal.
  5658 | D:5      | Found a sparkling altar of Nemelex Xobeh.
  5747 | Temple   | Became a worshipper of Sif Muna the Loreminder
  5884 | D:5      | Found a hazy altar of Hepliaklqana.
  5892 | D:5      | Found a hide-covered altar of Uskayaw.
  6294 | D:5      | Reached skill level 1 in Fire Magic
  6307 | D:5      | Found the +5 woodcutter's axe
  6636 | D:6      | Noticed Blork the orc
  6642 | D:6      | Reached XP level 9. HP: 52/52 MP: 11/23
  6642 | D:6      | Noticed Jeremiah
  6643 | D:6      | Noticed Edmund
  6645 | D:6      | Killed Blork the orc
  6646 | D:6      | Reached skill level 10 in Summonings
  6654 | D:6      | Killed Edmund
  6886 | D:6      | Killed Jeremiah
  6887 | D:6      | Reached skill level 5 in Fighting
  7272 | D:6      | Upgraded the game from 0.32-a0-141-g04fe697 to
                  | 0.32-a0-163-g159c032
  7535 | D:6      | Reached skill level 11 in Summonings
  7544 | D:6      | Reached * piety under Sif Muna
  7881 | D:7      | Learned a level 4 spell: Summon Lightning Spire
  8770 | D:8      | Found a broken altar of Ashenzari.
  8863 | D:8      | Reached XP level 10. HP: 60/60 MP: 25/25
  8873 | D:8      | Reached skill level 1 in Air Magic
  8887 | D:8      | Reached ** piety under Sif Muna
  8888 | D:8      | Reached skill level 1 in Invocations
  8896 | D:8      | Reached skill level 12 in Summonings
  8912 | D:8      | Killed from afar by an orc priest

Illustrated notes

Levels and vault maps discovered:
D:1:      lightli_arrival_lavapool, layout_basic,
          shapermc_ecumenical_altar_notcrosses, minivault_23
D:2:      layout_loops_corners
D:3:      layout_loops_cross, uniq_crazy_yiuf_cottage
D:4:      layout_basic, temple_pool_b, enter_ossuary_4
D:5:      layout_loops_ring, grunt_temple_overflow_open,
          kennysheep_small_spiral, pf_guarded_unrand_woodcutter, uniq_pikel
D:6:      layout_loops_ring, uniq_blork_the_orc, uniq_edmund, uniq_jeremiah
D:7:      layout_loops_cross, nicolae_figureground_sparkle
D:8:      layout_basic, amcnicky_altar_gilded, nicolae_ru_the_path_less_chosen,
          enter_bailey_3, chequers_big_river, nicolae_shop_i_like_big_books,
          serial_park_tiny_pond
Temple:   hellmonk_temple_forest_ring

Skill      XL: |  1  2  3  4  5  6  7  8  9 10 |
---------------+-------------------------------+-----
Summonings     | 5 6 7 8 9 11 12 | 12.0
Fighting       | 1 2 3 4 5 |  5.9
Spellcasting   | 4 5 7 8 9 |  9.9
Necromancy     | 2 |  2.7
Fire Magic     | 2 |  2.7
Air Magic      | 2 |  2.3
Invocations    | 1 |  1.4
Dodging        | |  2.4
Stealth        | |  2.4

Action                     |  1- 3 |  4- 6 |  7- 9 | 10-12 || total
---------------------------+-------+-------+-------+-------++-------
  Melee: Unarmed           |    11 |       |       |       ||    11
         Punch             |     1 |       |       |       ||     1
         Long sword        |    15 |    18 |       |       ||    33
         Quarterstaff      |       |    41 |    52 |       ||    93
         Battleaxe         |       |       |    29 |       ||    29
         Trident           |       |       |    33 |     7 ||    40
   Cast: Summon Small Mamm |    43 |    32 |    28 |       ||   103
         Call Imp          |    19 |    17 |    24 |       ||    60
         Call Canine Famil |     4 |    10 |    23 |       ||    37
         Martyr's Knell    |       |       |    20 |     1 ||    21
         Summon Blazeheart |       |       |    22 |     3 ||    25
         Summon Lightning  |       |       |     7 |     3 ||    10
    Use: Scroll            |       |     5 |     6 |       ||    11
         Potion            |       |       |     7 |       ||     7
   Stab: Distracted        |     1 |     5 |     1 |       ||     7
         Sleeping          |     3 |     2 |     2 |       ||     7
 Armour: Robe              |    32 |    36 |   121 |     7 ||   196
         Skin              |       |       |    48 |       ||    48
  Dodge: Dodged            |    41 |    46 |   132 |    11 ||   230

Table legend: (Time is in decaauts)
 A = Elapsed time spent in this place.
 B = Non-inter-level travel time spent in this place.
 C = Inter-level travel time spent in this place.
 D = Time resting spent in this place.
 E = Time spent auto-exploring this place.
 F = Levels seen in this place.
 G = Mean time per level.
                   A        B        C        D        E       F      G
               +--------+--------+--------+--------+--------+-----+--------+
         Total |   8968 |   8500 |    468 |    287 |   5931 |  10 |  896.8 |
       Dungeon |   8065 |   7674 |    391 |    287 |   5567 |   8 | 1008.1 |
        Temple |     79 |      3 |     76 |      0 |      0 |   1 |   79.0 |
       Ossuary |    823 |    823 |      0 |      0 |    364 |   1 |  823.0 |
               +--------+--------+--------+--------+--------+-----+--------+

Top non-repeatable levels by time:
     D:5: 1437 daAuts
     D:6: 1388 daAuts
     D:2: 1280 daAuts
     D:4: 1149 daAuts
     D:1: 912 daAuts
     D:7: 864 daAuts
     D:3: 841 daAuts
 Ossuary: 823 daAuts
     D:8: 191 daAuts
  Temple: 79 daAuts
